 Dungeon Crawl Stone Soup version 0.17-a0-2127-g1cb09f6 (webtiles) character file.

32 tp1 the Skirmisher (level 3, 0/24 HPs)
             Began as a Gargoyle Berserker on Oct 23, 2015.
             Was a Follower of Trog.
             Slain by Terence
             ... wielding a +2 flail of holy wrath
              (6 damage)
             ... on level 3 of the Dungeon.
             The game lasted 00:05:37 (2796 turns).

tp1 the Skirmisher (Gargoyle Berserker)             Turns: 2796, Time: 00:05:37

Health: 0/24       AC:  7    Str: 21    XL:     3   Next: 25%
Magic:  3/3        EV:  6    Int:  7    God:    Trog [*.....]
Gold:   55         SH:  0    Dex:  9    Spells: 0 memorised, 2 levels left

rFire  . . .     SeeInvis .     a - +0 hand axe
rCold  . . .     Clarity  .     m - +0 leather armour
rNeg   + . .     SustAt   .     (no shield)
rPois  ∞         Gourm    .     (no helmet)
rElec  +         Spirit   .     e - +0 cloak
rCorr  .         Warding  .     (no gloves)
rMut   .         Stasis   .     (no boots)
MR     .....                    (no amulet)
Stlth  +.........               (no ring)
                                (no ring)

@: not resistant to hostile enchantments, very unstealthy
A: negative energy resistance 1, electricity resistance, unbreathing,
petrification resistance, rot immunity, AC +3
a: Berserk, Burn Spellbooks, Renounce Religion


You were on level 3 of the Dungeon.
You worshipped Trog.
Trog was aware of your devotion.
You were near starving.

You visited 1 branch of the dungeon, and saw 3 of its levels.

You collected 55 gold pieces.

Inventory:

Hand Weapons
 a - a +0 hand axe (weapon)
Armour
 b - a +0 animal skin
 e - a +0 cloak (worn)
 m - a +0 leather armour (worn)
Scrolls
 d - 5 scrolls of identify {unknown}
 h - a scroll of random uselessness {unknown}
 i - 2 scrolls of teleportation {unknown}
 l - a scroll of enchant armour {unknown}
 n - 3 scrolls of remove curse {unknown}
 p - a scroll of amnesia {unknown}
 q - a scroll of fog {unknown}
Potions
 f - a potion of flight {unknown}
 g - a potion of ambrosia {unknown}
 k - a potion of curing {unknown}
 o - a potion of poison {unknown}
 r - a potion of brilliance {unknown}
 t - a potion of might {unknown}
Comestibles
 c - 2 bread rations
 j - a royal jelly
 s - a meat ration


   Skills:
 + Level 4.1 Fighting
 + Level 3.2 Axes
 - Level 2.1 Armour
 - Level 1.5 Dodging


You had 2 spell levels left.
You didn't know any spells.

Dungeon Overview and Level Annotations

Branches:
Dungeon (3/15)

Altars:
Trog

Annotations:
D:3 Terence


Innate Abilities, Weirdness & Mutations

You are resistant to torment.
Your stone body is resilient (AC +3).
You are immune to poison.
You resist negative energy.
You are resistant to electric shocks.
You can survive without breathing.
You are immune to petrification.
You are immune to rotting.


Message History

Terence hits you with a flail of holy wrath.
* * * LOW HITPOINT WARNING * * *
You are too injured to fight recklessly!
Use which ability?
You're too hungry to go berserk.
Unknown command.
A rat comes into view.
Terence looks scornfully at you.
Found a stone staircase leading down.
Found 3 scrolls labeled DIUS ODOTAHANUO.
A bat comes into view.
Found 13 gold pieces.
An orc comes into view. It is wielding a hand axe.
The bat hits you but does no damage.
Found 19 poisoned needles.
Found a stone staircase leading down.
The bat hits you but does no damage.
There is a stone staircase leading down here.
The bat hits you but does no damage.
Terence hits you with a flail of holy wrath.
You die...

#.# ...# #.##.
#..> #.##.# #..#
#.##%# #..#
###.##.## #..#
.......# #..####
#..##.# #....?#
#..##.####@..#...
#......r.@b.......
##.##.####....o..#
#.##.####.......#
#...r...........#
####.###.........
#.# ........# #.#
#......$.# #.#
...(...


You could see Terence, an orc, a bat and a rat.

Vanquished Creatures
  A worm (D:2)
  A ball python (D:1)
  5 hobgoblins
  7 bats
  3 giant cockroaches
  4 giant newts
  4 goblins (D:1)
  2 kobolds (D:1)
  4 rats (D:1)
31 creatures vanquished.

Vanquished Creatures (others)
  5 toadstools (D:1)
5 creatures vanquished.

Grand Total: 36 creatures vanquished

Notes
Turn   | Place    | Note
--------------------------------------------------------------
     0 | D:1      | tp1 the Gargoyle Berserker began the quest for the Orb.
     0 | D:1      | Reached XP level 1. HP: 14/14 MP: 1/1
   164 | D:1      | Reached XP level 2. HP: 14/19 MP: 2/2
   438 | D:1      | Reached ** piety under Trog
   672 | D:1      | Reached skill level 4 in Fighting
  1516 | D:2      | Found a bloodstained altar of Trog.
  1541 | D:2      | Reached XP level 3. HP: 22/24 MP: 3/3
  2601 | D:2      | Found a bloodstained altar of Trog.
  2770 | D:3      | Noticed Terence
  2796 | D:3      | Slain by Terence

Vault maps used:
D:1:      ldierk_walled_garden, hex_large
D:2:      lightli_temple_of_fire
D:3:      nicolae_ru_the_path_less_chosen, uniq_terence

Action                   || total
-------------------------++-------
Melee: Hand axe          ||    99
  Eat: Chunk             ||     4
